schnaader, lawful female human Valkyrie --------------- |<............| `#########%###`|.............| #|.............| #-.-------.----- ##### ### # # ###### ### -.-|-- # # ..!..| ### ### | --- |%...| # # |.....` #-.)..| ###-----|---- |`.........`. Z@#######|....| #....%....| ------------ ------ |........| |........| |........| |........| ---------- schnaader the Skirmisher Experience level: 5 Strength: 21 Dexterity: 14 Constitution: 17 Intelligence: 10 Wisdom: 7 Charisma: 7 Health: 0(40) Energy: 7(7) Def: 4 Gold: 756 Moves: 2073 Dungeon seed: zrscPBFH5s0oYSgp Game ID: schnaader_1559653660 Your Inventory: Coins $ - 756 gold pieces Weapons a - an uncursed +1 long sword (weapon in hand) b - 6 uncursed +0 daggers Armor e - an uncursed +3 small shield (being worn) Scrolls m - an uncursed scroll of identify o - an uncursed scroll of amnesia s - an uncursed scroll of destroy armor Potions f - an uncursed potion of fruit juice l - an uncursed potion of water Rings i - an uncursed ring of warning Tools d - an uncursed oil lamp (0:1193) g - an uncursed tin whistle r - an uncursed blindfold Gems n - an uncursed luckstone q - 2 uncursed worthless pieces of blue glass named s y - an uncursed diamond named h Spells and supernatural/magical abilities: Name Level Category Cost Memory W - pray for help -- divine ? -- Your skills at the end: Fighting Skills wands [Basic] Weapon Skills dagger [Basic] long sword [Basic] Spellcasting Skills Final Attributes: You were piously aligned. You were immune to cold. You were stealthy. You were slow. You were lucky. You had extra luck. Bad luck did not time out for you. Good luck did not time out for you. You last prayed 9 turns ago. Tyr was noncommittal. You are dead. Vanquished creatures: a gnome mummy a human zombie a gnome lord a ghoul a straw golem a floating eye a kobold lord 6 hill orcs a rabid rat a centipede a giant bat a werejackal 3 geckos 5 jackals a fox a kobold 2 sewer rats 8 grid bugs a bat 2 lichens 3 newts 43 creatures vanquished. Voluntary challenges: You used a wielded weapon 47 times, starting on turn 51. You read items or engraved 1 time, starting on turn 1173. You never genocided any monsters. You never polymorphed an object. You never changed form. You used no wishes. You never split a pudding. You never wrote Elbereth's name. You never violated your personal moral code. Dungeon overview: The Dungeons of Doom: levels 1 to 8 Level 1 a fountain, a sink a long staircase Level 2 some fountains a long staircase Level 3 a vault Level 4 a general store, a fountain Level 5 an altar to Loki Level 6 Level 7 Level 8 <- You were here History has recorded: On T:1 you entered the Dungeons of Doom to retrieve the Amulet of Yendor! On T:490 you reached level 2 of The Dungeons of Doom. On T:586 you advanced to experience level 2. On T:698 you reached level 3 of The Dungeons of Doom. On T:823 you advanced to experience level 3. On T:1034 you reached level 4 of The Dungeons of Doom. On T:1304 you reached level 5 of The Dungeons of Doom. On T:1450 you advanced to experience level 4. On T:1728 you reached level 6 of The Dungeons of Doom. On T:1784 you reached level 7 of The Dungeons of Doom. On T:1853 you reached level 8 of The Dungeons of Doom. On T:1913 you advanced to experience level 5. Score breakdown: Gold: 756 ( 9793 points) Experience: 5 levels (11141 points) Exploration: 8 levels ( 16.67%) (11577 points) Discoveries: 5 items ( 2.00%) ( 4242 points) Valuables value: (no points given unless you survive) Artifact value: 0 ( 0 points) Variety of kills: 21 monsters ( 5.53%) ( 7052 points) Turncount: 2073 turns ( -53 points) Survival: died (score multiplied by 80%) Total score: 35001 Latest messages: Your zombification disease builds up. The human zombie hits! Your zombification disease builds up. [2 turns] You hit the human zombie! The human zombie hits! Your zombification disease builds up. The human zombie hits! Your zombification disease builds up. [2 turns] You begin praying to Tyr. You are surrounded by a shimmering light. The human zombie starts to attack you, but pulls back. (2x) You feel that Tyr is well-pleased. You feel better. Your zombifying disease is cured. The human zombie hits! You attain a minor zombification disease. [4 turns] You destroy the human zombie! [2 turns] (4x) The enslaved orc zombie hits! Your zombification disease builds up. You die... Final status: Farvel schnaader the Valkyrie, killed by an orc zombie... You died in The Dungeons of Doom on dungeon level 8 with 35001 points, and 756 pieces of gold, after 2073 moves. You were level 5 with a maximum of 40 hit points when you died.